 Seeded DCSS version 0.31-a0-4-gefa6de2278 (webtiles) character file.

Game seed: 9909445277333701623 (custom seed)

32 Pimp the Sneak (level 3, 31/31 HPs)
             Began as an Armataur Brigand on May 3, 2023.
             Quit the game on level 1 of the Dungeon.
             The game lasted 00:01:39 (628 turns).

Pimp the Sneak (Armataur Brigand)                    Turns: 628, Time: 00:01:40

Health: 31/31      AC:  7    Str: 18    XL:     3   Next: 10%
Magic:  3/3        EV:  7    Int: 11    God:
Gold:   13         SH:  0    Dex: 11    Spells: 2/2 levels left

rFire   . . .        a - +2 dagger
rCold   . . .        (no shield)
rNeg    . . .        k - +0 scale mail
rPois   .            (no helmet)
rElec   .            c - +0 cloak
rCorr   .            (no gloves)
SInv    .            (no barding)
Will    +....        (no amulet)
Stlth   +            f - ring of willpower
HPRegen 0.25/turn    (no ring)
MPRegen 0.08/turn

%: roll
@: no status effects
A: large, rugged brown scales 3, deformed body, armoured tail, roll, long
tongue, awkward tongue
a: no special abilities


You were on level 1 of the Dungeon.
You visited 1 branch of the dungeon, and saw 1 of its levels.

You collected 13 gold pieces.

Inventory:

Hand Weapons
 a - a +2 dagger (weapon)
Missiles
 d - 9 poisoned darts (quivered)
 e - 3 curare-tipped darts
Armour
 b - a +0 robe
 c - a +0 cloak (worn)
 k - a +0 scale mail (worn)
Jewellery
 f - a ring of willpower (left hand)
Scrolls
 g - a scroll of acquirement
 h - a scroll of noise {unknown}
 j - a scroll of identify {unknown}
Potions
 i - a potion of mutation {unknown}
 l - a potion of cancellation {unknown}
 m - a potion of ambrosia {unknown}


   Skills:
 + Level 2.1 Fighting
 + Level 2.1 Short Blades
 + Level 2.1 Throwing
 + Level 1.1 Dodging
 + Level 4.6 Stealth


You had 2 spell levels left.
You didn't know any spells.
Your spell library was empty.

Dungeon Overview and Level Annotations

Branches:
Dungeon (1/15)

Altars:


Innate Abilities, Weirdness & Mutations

You are completely covered in rugged brown scales. (AC +3, +7% HP)
Armour fits poorly on your strangely shaped body.
You have a long armoured tail.
You roll when moving toward enemies. (Rampage)
Your long tongue fully drains potion bottles. (2x potion effects)
Your tongue gives you trouble enunciating. (1.5x scroll delay)


Message History

You kill the hobgoblin!
You barely miss the goblin. The goblin hits you with a +0 dagger.
You barely miss the goblin. The goblin hits you with a +0 dagger.
You hit the goblin.
Your tail-slap misses the goblin.
The goblin is severely wounded.
The goblin hits you with a +0 dagger.
You closely miss the goblin.
Your tail-slap misses the goblin.
The goblin is severely wounded.
The goblin hits you but does no damage.
You hit the goblin.
You kill the goblin!
Items here: ) †††.
You start resting.
HP restored.
j - a scroll labelled ZOSCHO PILASI
There is a shaft here.
There is a shaft here.
Found a scale mail.
Found a stone staircase leading down.
A ball python comes into view.
The ball python hisses angrily.
You see here a +0 scale mail.
k - a +0 scale mail The ball python bites you but does no damage.
You closely miss the ball python. The ball python closely misses you.
You hit the ball python. You tail-slap the ball python.
You kill the ball python!
You see here a ball python corpse.
You start removing your armour.
You continue taking off your +0 robe. x4
You finish taking off your +0 robe.
You start putting on your armour.
You continue putting on your +0 scale mail. x5
You finish putting on your +0 scale mail.
You open the door.
Found 4 boomerangs and 4 stones.
There is an open door here.
l - a murky emerald potion
m - a fuming brown potion This is a scroll of acquirement!
Are you sure you want to abandon this character and quit the game? (Confirm with "yes".)

##### #####...# ######
........## #....# ........8#
#.>..# ........##
##....########### ........#
#....†..........## ........##
#'##...#.#####...# ##.###..8#
#.(#...#######...#
#..##..########@(#...#..##.###.#
##..#..##.....####...##.#..#...#
#......##............#..#.##.###
#.......#............#.##.#....#
#......##............#......#..#
#......##............########..#
#......##...............#...#.##
#......8#.......###...#.#....<..
#......##.....#^#######...###.#.


There were no monsters in sight!

Vanquished Creatures
  2 endoplasms (D:1)
  2 giant cockroaches (D:1)
  5 goblins (D:1)
  10 hobgoblins (D:1)
  3 ball pythons (D:1)
  A bat (D:1)
  A kobold (D:1)
  2 rats (D:1)
26 creatures vanquished.

Notes
Turn   | Place    | Note
-------+----------+-------------------------------------------
     0 | D:1      | Pimp the Armataur Brigand began the quest for the Orb.
     0 | D:1      | Reached XP level 1. HP: 18/18 MP: 1/1
   182 | D:1      | Reached XP level 2. HP: 16/25 MP: 2/2
   211 | D:1      | Reached skill level 1 in Dodging
   530 | D:1      | Reached XP level 3. HP: 27/31 MP: 3/3
   628 | D:1      | Identified a scroll of acquirement
   628 | D:1      | Quit the game

Illustrated notes

Levels and vault maps discovered:
D:1:      psy_arrival_radial01, layout_rooms, chequers_hall_statues_wall_a,
          supply_closet_lemuel

Skill      XL: |  1  2 |
---------------+-------+-----
Short Blades   | 2 |  2.1
Fighting       | 2 |  2.1
Throwing       | 2 |  2.1
Dodging        | 1 |  1.1
Stealth        | |  4.6

Action                     || total
---------------------------++-------
  Melee: Dagger            ||    88
         Tailslap          ||     8
   Stab: Sleeping          ||     3
 Armour: Robe              ||    41
  Dodge: Dodged            ||    41

Table legend: (Time is in decaauts)
 A = Elapsed time spent in this place.
 B = Non-inter-level travel time spent in this place.
 C = Inter-level travel time spent in this place.
 D = Time resting spent in this place.
 E = Time spent auto-exploring this place.
 F = Levels seen in this place.
 G = Mean time per level.
                   A        B        C        D        E       F      G
               +--------+--------+--------+--------+--------+-----+--------+
         Total |    619 |    619 |      0 |     32 |    399 |   1 |  619.0 |
       Dungeon |    619 |    619 |      0 |     32 |    399 |   1 |  619.0 |
               +--------+--------+--------+--------+--------+-----+--------+

Top non-repeatable levels by time:
     D:1: 619 daAuts
